 Dungeon Crawl Stone Soup version 0.21.2 (webtiles) character file.

313 Delanovic the Ducker (level 6, -9/47 (52) HPs)
             Began as a Ghoul Gladiator on Feb 12, 2019.
             Was a Follower of Ru.
             Killed by divine providence
             ... invoked by an orc priest
              (13 damage)
             ... on level 3 of the Dungeon.
             The game lasted 00:08:22 (3333 turns).

Delanovic the Ducker (Ghoul Gladiator)              Turns: 3333, Time: 00:08:23

HP:   -9/47 (52)    AC:  5    Str: 18    XL:     6   Next: 43%
MP:   5/5           EV: 13    Int:  3    God:    Ru [*.....]
Gold: 194           SH:  0    Dex: 12    Spells: 5/5 levels left

rFire    . . .     SeeInvis .   i - +0 hand axe (flame)
rCold    + . .     Gourm    .   (no shield)
rNeg     + + +     Faith    .   a - +0 leather armour
rPois    ∞         Spirit   .   j - +1 helmet
rElec    .         Reflect  .   (no cloak)
rCorr    .         Harm     .   (no gloves)
MR       .....                  (no boots)
Stlth    +.........             (no amulet)
HPRegen  0.00/turn              (no ring)
MPRegen  0.09/turn              (no ring)

@: rotting
A: rotting body, claws 1, carnivore, cold resistance 1, negative energy
resistance 3, inhibited regeneration, torment resistance, unbreathing, no fire
magic, no summoning magic, no transmutations magic
a: Renounce Religion


You were on level 3 of the Dungeon.
You worshipped Ru.
Ru was aware of your devotion.
You were very hungry.

You visited 1 branch of the dungeon, and saw 3 of its levels.

You collected 194 gold pieces.

Inventory:

Hand Weapons
 i - a +0 hand axe of flaming (weapon)
Missiles
 c - 3 throwing nets (quivered)
Armour
 a - a +0 leather armour (worn)
 b - a +0 helmet
 j - a +1 helmet (worn)
Jewellery
 g - an uncursed amulet of faith {unknown}
Scrolls
 k - a scroll of identify {unknown}
 l - a scroll of remove curse {unknown}
Potions
 e - 4 potions of heal wounds {unknown}
 f - a potion of brilliance {unknown}
 h - a potion of lignification {unknown}
Comestibles
 d - 6 rations


   Skills:
 + Level 4.0 Fighting
 * Level 3.2 Axes
 - Level 1.7 Throwing
 - Level 4.3 Dodging
 - Level 3.4 Unarmed Combat


You had 5 spell levels left.
You didn't know any spells.

Dungeon Overview and Level Annotations

Branches:
Dungeon (3/15)

Altars:
Ru


Innate Abilities, Weirdness & Mutations

Your body is rotting away.
You thrive on raw meat.
You are immune to poison.
You have sharp fingernails.
You are carnivorous and can eat meat at any time.
Your flesh is cold resistant. (rC+)
You are immune to negative energy. (rN+++)
You do not regenerate when monsters are visible.
You are immune to unholy pain and torment.
You can survive without breathing.
You cannot study or cast Fire magic.
You cannot study or cast Summoning magic.
You cannot study or cast Transmutations magic.


Message History

* * * LOW HITPOINT WARNING * * *
You hit the orc priest but do no damage.
The orc priest is severely wounded.
The orc priest hits you but does no damage.
You hit the orc priest. You burn the orc priest.
The orc priest is almost dead.
The orc priest hits you but does no damage.
You closely miss the orc priest.
The orc priest is almost dead.
The orc priest looks encouraged for a moment.
A giant cockroach comes into view.
You closely miss the orc priest.
The orc priest is almost dead.
The giant cockroach moves out of view.
The orc priest hits you with a mace.
* * * LOW HITPOINT WARNING * * *
You hit the orc priest but do no damage.
The orc priest is almost dead.
The orc priest mumbles some strange prayers to Beogh against you.
Beogh smites you!
You die...

.o. #.# ..####... #.... .# ##
##........ #.... .....#.
.#.....##. #.... ...#..#.
.#........ ###....
......#.#.#....# ......
...#..##.##.#### #....
..........so## #..††
............@### #...)
.........###...# #....
...#...Ko#####.# ####....
#.....(.....#.##### #.......
.#.....<.....#.....###.##..#.
.............#####.....#.....
..###........................
..........#(......###........
.#.#....#..#.####...#.#......


You could see an orc priest and a giant cockroach.

Vanquished Creatures
  A hound (D:2)
  An orc priest (D:3)
  An orc wizard (D:3)
  Terence (D:2)
  A gnoll (D:2)
  9 adders
  2 worms (D:2)
  2 dart slugs
  5 orcs (D:3)
  A ball python (D:3)
  7 giant cockroaches
  4 goblins
  7 hobgoblins
  8 jackals
  2 quokkas (D:2)
  6 bats
  A frilled lizard (D:3)
  14 kobolds
  7 rats
80 creatures vanquished.

Vanquished Creatures (others)
  An orc wizard (D:3)
  4 toadstools (D:1)
5 creatures vanquished.

Grand Total: 85 creatures vanquished

Notes
Turn   | Place    | Note
-------+----------+-------------------------------------------
     0 | D:1      | Delanovic the Ghoul Gladiator began the quest for the Orb.
     0 | D:1      | Reached XP level 1. HP: 17/17 MP: 0/0
   143 | D:1      | Reached XP level 2. HP: 21/24 MP: 1/1
   693 | D:2      | Reached XP level 3. HP: 21/27 MP: 2/2
  1234 | D:1      | Reached XP level 4. HP: 15/34 MP: 3/3
  1788 | D:2      | Reached XP level 5. HP: 27/43 MP: 4/4
  1921 | D:2      | Found a faded altar of an unknown god.
  1940 | D:2      | Became a worshipper of Ru the Awakened
  1959 | D:2      | Gained mutation: You cannot study or cast Fire magic. [Ru sacrifice]
  1959 | D:2      | Gained mutation: You cannot study or cast Transmutations magic. [Ru sacrifice]
  1959 | D:2      | Gained mutation: You cannot study or cast Summoning magic. [Ru sacrifice]
  1959 | D:2      | Reached * piety under Ru
  2199 | D:2      | Noticed Terence
  2222 | D:2      | Killed Terence
  2222 | D:2      | Reached skill level 1 in Axes
  3014 | D:3      | Reached XP level 6. HP: 29/49 MP: 5/5
  3333 | D:3      | Killed from afar by an orc priest

Skill      XL: |  1  2  3  4  5  6 |
---------------+-------------------+-----
Dodging        | 3 4 |  4.3
Fighting       | 3 4 |  4.0
Axes           | 2 3 |  3.2
Throwing       | |  1.7
Unarmed Combat | |  3.4

Action                   |  1- 3 |  4- 6 || total
-------------------------+-------+-------++-------
Melee: Unarmed           |   115 |    47 ||   162
       Hand axe          |       |   193 ||   193
       Punch             |       |     4 ||     4
Invok: Sacrifice Arcana  |       |     1 ||     1
  Eat: Chunk             |     1 |     6 ||     7
Armor: Leather armour    |    23 |    67 ||    90
Dodge: Dodged            |    71 |   174 ||   245
